| TOP OF THE 1ST |
|
Greeneville Astros batting - Pitching for Texas (APP) Rangers : LHP Jose Cepero
|
|
Pitching: LHP Jose Cepero
|
|
|
Batting: RHB Omar Amaya
|
0-0: Ball 1-0: Ball 2-0: Ball 3-0: Called Strike 3-1: Called Strike 3-2: Strikes out swinging
|
|
Batting: SHB Miguel Sierra
|
0-0: Ball 1-0: Called Strike 1-1: Foul Ball, location: 2F 1-2: Strikes out swinging
|
|
Batting: LHB Mark Dearth
|
0-0: Called Strike 0-1: DOUBLE (Flyball, 8RD, EV 97.5 MPH)
|
|
Batting: RHB Keith Goodwin
|
0-0: Called Strike 0-1: Ball 1-1: Ball 2-1: SINGLE (Groundball, 6D, EV 105.0 MPH) Mark Dearth to third Runner from 3rd tries for Home, SAFE, throw by CF to home
|
|
Batting: LHB Daigo Ishii
|
0-0: Ball 1-0: Ball 2-0: Foul Ball, location: 2F 2-1: Foul Ball, location: 2F 2-2: DOUBLE (Line Drive, 9LM, EV 86.2 MPH) Keith Goodwin to third Runner from 3rd tries for Home, throw by RF and OUT! 9-4-2
|
| Top of the 1st over - 1 run, 3 hits, 0 errors, 1 left on base; Greeneville 1 - Texas (APP) 0 |
| BOTTOM OF THE 1ST |
|
Texas (APP) Rangers batting - Pitching for Greeneville Astros : RHP Tony Barrios
|
|
Pitching: RHP Tony Barrios
|
|
|
Batting: RHB Luis Solorzano
|
0-0: Ball 1-0: Ball 2-0: SINGLE (Line Drive, 3L, EV 95.0 MPH)
|
|
Batting: RHB Sal Cervantes
|
0-0: Ball 1-0: Fly out, F7 (Flyball, 7, EV 90.6 MPH)
|
|
Batting: LHB Tomoya Hashimoto
|
0-0: Ball 1-0: Swinging Strike 1-1: 2-RUN HOME RUN (Flyball, 89XD, EV 98.8 MPH), Distance : 405 ft
|
|
Batting: RHB Bryan Wheeler
|
0-0: Called Strike 0-1: Ball 1-1: Foul Ball, location: 2F 1-2: Ball 2-2: Ground out 5-3 (Groundball, 56, EV 104.4 MPH)
|
|
Batting: RHB Ferdi Schipper
|
0-0: Called Strike 0-1: Called Strike 0-2: Foul Ball, location: 2F 0-2: Ball 1-2: Ball 2-2: SINGLE (Line Drive, 34D, EV 93.8 MPH)
|
|
Batting: RHB Kelly Cole
|
0-0: Called Strike 0-1: Ball 1-1: Ball 2-1: Ball 3-1: Foul Ball, location: 2F Pickoff Throw to First - Out! 1-3 CS
|
| Bottom of the 1st over - 2 runs, 3 hits, 0 errors, 0 left on base; Greeneville 1 - Texas (APP) 2 |
| TOP OF THE 2ND |
|
Greeneville Astros batting - Pitching for Texas (APP) Rangers : LHP Jose Cepero
|
|
Batting: RHB Erik Smith
|
0-0: Ball 1-0: Called Strike 1-1: Foul Ball, location: 2F 1-2: Strikes out swinging
|
|
Batting: RHB Yoshitoshi Mori
|
0-0: Called Strike 0-1: Foul Ball, location: 2F 0-2: Strikes out swinging
|
|
Batting: RHB Gabe Allen
|
0-0: Ball 1-0: Called Strike 1-1: Foul Ball, location: 2F 1-2: Strikes out swinging
|
| Top of the 2nd over - 0 runs, 0 hits, 0 errors, 0 left on base; Greeneville 1 - Texas (APP) 2 |
| BOTTOM OF THE 2ND |
|
Texas (APP) Rangers batting - Pitching for Greeneville Astros : RHP Tony Barrios
|
|
Batting: RHB Kelly Cole
|
0-0: Called Strike 0-1: Ball 1-1: Ball 2-1: SINGLE (Groundball, 23, EV 63.1 MPH) (infield hit)
|
|
Batting: SHB Albert Ortiz
|
0-0: Swinging Strike 0-1: Called Strike 0-2: Strikes out looking
|
|
Batting: RHB Rafael Tapia
|
0-0: Swinging Strike 0-1: Fly out, F9 (Flyball, 9LMF, EV 84.4 MPH)
|
|
Batting: LHB Jose Cepero
|
0-0: Ball 1-0: Ball 2-0: Called Strike 2-1: Ground out 4-3 (Groundball, 34, EV 81.2 MPH)
|
| Bottom of the 2nd over - 0 runs, 1 hit, 0 errors, 1 left on base; Greeneville 1 - Texas (APP) 2 |
| TOP OF THE 3RD |
|
Greeneville Astros batting - Pitching for Texas (APP) Rangers : LHP Jose Cepero
|
|
Batting: RHB Roger Pelley
|
0-0: Ball 1-0: Ground out 5-3 (Groundball, 5, EV 91.9 MPH)
|
|
Batting: RHB Omar Amaya
|
0-0: Ball 1-0: Ground out U3 (Groundball, 34, EV 99.4 MPH)
|
|
Batting: SHB Miguel Sierra
|
0-0: Ball 1-0: Swinging Strike 1-1: Foul Ball, location: 2F 1-2: Ball 2-2: Ball 3-2: Base on Balls
|
|
Batting: LHB Mark Dearth
|
0-0: Ball 1-0: Called Strike 1-1: Called Strike 1-2: Ball 2-2: Strikes out swinging
|
| Top of the 3rd over - 0 runs, 0 hits, 0 errors, 1 left on base; Greeneville 1 - Texas (APP) 2 |
| BOTTOM OF THE 3RD |
|
Texas (APP) Rangers batting - Pitching for Greeneville Astros : RHP Tony Barrios
|
|
Batting: RHB Luis Solorzano
|
0-0: Called Strike 0-1: Ball 1-1: Ball 2-1: Foul Ball, location: 2F 2-2: Foul Ball, location: 2F 2-2: Ball 3-2: Fly out, F8 (Flyball, 8LD, EV 106.2 MPH)
|
|
Batting: RHB Sal Cervantes
|
0-0: Swinging Strike 0-1: SOLO HOME RUN (Flyball, 7D, EV 96.9 MPH), Distance : 389 ft
|
|
Batting: LHB Tomoya Hashimoto
|
0-0: Called Strike 0-1: Fly out, F8 (Flyball, 8LXD, EV 104.4 MPH)
|
|
Batting: RHB Bryan Wheeler
|
0-0: Ball 1-0: Ball 2-0: Foul Ball, location: 2F 2-1: Ball 3-1: Called Strike 3-2: Foul Ball, location: 2F 3-2: Base on Balls
|
|
Batting: RHB Ferdi Schipper
|
0-0: SINGLE (Flyball, 9S, EV 90.6 MPH) Bryan Wheeler to second Runner from 2nd tries for 3rd, OUT! 9-5
|
| Bottom of the 3rd over - 1 run, 2 hits, 0 errors, 1 left on base; Greeneville 1 - Texas (APP) 3 |
| TOP OF THE 4TH |
|
Greeneville Astros batting - Pitching for Texas (APP) Rangers : LHP Jose Cepero
|
|
Batting: RHB Keith Goodwin
|
0-0: Called Strike 0-1: Fly out, F7 (Flyball, 7, EV 88.1 MPH)
|
|
Batting: LHB Daigo Ishii
|
0-0: Ball 1-0: Called Strike 1-1: Ball 2-1: Called Strike 2-2: Ball 3-2: Strikes out looking
|
|
Batting: RHB Erik Smith
|
0-0: Ball 1-0: Ball 2-0: Ball 3-0: Called Strike 3-1: Foul Ball, location: 2F 3-2: Fly out, F6 (Popup, 6MS, EV 57.5 MPH)
|
| Top of the 4th over - 0 runs, 0 hits, 0 errors, 0 left on base; Greeneville 1 - Texas (APP) 3 |
| BOTTOM OF THE 4TH |
|
Texas (APP) Rangers batting - Pitching for Greeneville Astros : RHP Tony Barrios
|
|
Batting: RHB Kelly Cole
|
0-0: Ball 1-0: Ball 2-0: Called Strike 2-1: Ball 3-1: Swinging Strike 3-2: Foul Ball, location: 2F 3-2: Foul Ball, location: 2F 3-2: Reached on error, E6 (Groundball, 56, EV 78.8 MPH)
|
|
Batting: SHB Albert Ortiz
|
0-0: Ball 1-0: Called Strike 1-1: Ball 2-1: Fly out, F9 (Flyball, 9, EV 96.9 MPH)
|
|
Batting: RHB Rafael Tapia
|
0-0: Ball 1-0: Swinging Strike 1-1: Swinging Strike 1-2: Ground out 6-3 (Groundball, 6, EV 105.0 MPH)
|
|
Batting: LHB Jose Cepero
|
0-0: Swinging Strike 0-1: Foul Ball, location: 2F 0-2: Hit by Pitch
|
|
Batting: RHB Luis Solorzano
|
0-0: Ball 1-0: Ball 2-0: Ball 3-0: Called Strike 3-1: Called Strike 3-2: Ground out U3 (Groundball, 34, EV 86.9 MPH)
|
| Bottom of the 4th over - 0 runs, 0 hits, 1 error, 2 left on base; Greeneville 1 - Texas (APP) 3 |
| TOP OF THE 5TH |
|
Greeneville Astros batting - Pitching for Texas (APP) Rangers : LHP Jose Cepero
|
|
Batting: RHB Yoshitoshi Mori
|
0-0: Swinging Strike 0-1: Ball 1-1: Ball 2-1: Foul Ball, location: 2F 2-2: Ball 3-2: Base on Balls
|
|
Batting: RHB Gabe Allen
|
0-0: Fly out, F7 (Line Drive, 7D, EV 88.8 MPH)
|
|
Batting: RHB Roger Pelley
|
0-0: Called Strike 0-1: Swinging Strike 0-2: Foul Ball, location: 2F 0-2: Ball 1-2: Strikes out swinging
|
|
Batting: RHB Omar Amaya
|
0-0: Foul Ball, location: 2F 0-1: Fly out, F9 (Flyball, 9LMF, EV 82.5 MPH)
|
| Top of the 5th over - 0 runs, 0 hits, 0 errors, 1 left on base; Greeneville 1 - Texas (APP) 3 |
| BOTTOM OF THE 5TH |
|
Texas (APP) Rangers batting - Pitching for Greeneville Astros : RHP Tony Barrios
|
|
Batting: RHB Sal Cervantes
|
0-0: Ground out U3 (Groundball, 3, EV 91.9 MPH)
|
|
Batting: LHB Tomoya Hashimoto
|
0-0: Swinging Strike 0-1: SOLO HOME RUN (Flyball, 89XD, EV 105.6 MPH), Distance : 419 ft
|
|
Batting: RHB Bryan Wheeler
|
0-0: Called Strike 0-1: SOLO HOME RUN (Flyball, 7D, EV 98.1 MPH), Distance : 383 ft
|
|
Batting: RHB Ferdi Schipper
|
0-0: Ball 1-0: Swinging Strike 1-1: Ball 2-1: Ball 3-1: Foul Ball, location: 2F 3-2: Strikes out swinging
|
|
Batting: RHB Kelly Cole
|
0-0: Called Strike 0-1: Called Strike 0-2: Ball 1-2: Foul Ball, location: 2F 1-2: Ball 2-2: Ground out 6-3 (Groundball, 6, EV 100.6 MPH)
|
| Bottom of the 5th over - 2 runs, 2 hits, 0 errors, 0 left on base; Greeneville 1 - Texas (APP) 5 |
| TOP OF THE 6TH |
|
Greeneville Astros batting - Pitching for Texas (APP) Rangers : LHP Jose Cepero
|
|
Batting: SHB Miguel Sierra
|
0-0: Swinging Strike 0-1: Ball 1-1: Ball 2-1: Ball 3-1: Base on Balls
|
|
Batting: LHB Mark Dearth
|
0-0: Called Strike 0-1: Foul Ball, location: 2F 0-2: Ball 1-2: Foul Ball, location: 2F 1-2: Strikes out swinging
|
|
Batting: RHB Keith Goodwin
|
0-0: Called Strike 0-1: Foul Ball, location: 2F 0-2: Ball 1-2: Ball 2-2: Ball 3-2: Strikes out swinging Miguel Sierra is caught stealing 2nd base 2-4 Batter strikes out.
|
| Top of the 6th over - 0 runs, 0 hits, 0 errors, 0 left on base; Greeneville 1 - Texas (APP) 5 |
| BOTTOM OF THE 6TH |
|
Texas (APP) Rangers batting - Pitching for Greeneville Astros : RHP Tony Barrios
|
|
Batting: SHB Albert Ortiz
|
0-0: Ball 1-0: Ball 2-0: Ball 3-0: Base on Balls
|
|
Pitching: RHP Jon Davis
|
|
|
Batting: RHB Rafael Tapia
|
0-0: Ball 1-0: Swinging Strike 1-1: Fielders Choice at 2nd, 3-6 (Groundball, 34, EV 86.9 MPH)
|
|
Batting: LHB Jose Cepero
|
0-0: Called Strike 0-1: Ground out 5-3 (Groundball, 56S, EV 72.5 MPH) Rafael Tapia to second
|
|
Batting: RHB Luis Solorzano
|
0-0: Foul Ball, location: 2F 0-1: Ball 1-1: Foul Ball, location: 2F 1-2: Ball 2-2: Ball Wild Pitch! Rafael Tapia to third 3-2: Foul Ball, location: 2F 3-2: Foul Ball, location: 2F 3-2: Ground out 6-3 (Groundball, 6, EV 83.1 MPH)
|
| Bottom of the 6th over - 0 runs, 0 hits, 0 errors, 1 left on base; Greeneville 1 - Texas (APP) 5 |
| TOP OF THE 7TH |
|
Greeneville Astros batting - Pitching for Texas (APP) Rangers : LHP Jose Cepero
|
|
Batting: LHB Daigo Ishii
|
0-0: Foul Ball, location: 2F 0-1: Called Strike 0-2: Ball 1-2: Ball 2-2: Strikes out looking
|
|
Pitching: LHP Pat Mena
|
|
|
Batting: RHB Erik Smith
|
0-0: Called Strike 0-1: Ball 1-1: Ball 2-1: Ball 3-1: Called Strike 3-2: Strikes out swinging
|
|
Batting: RHB Yoshitoshi Mori
|
0-0: Foul Ball, location: 2F 0-1: Swinging Strike 0-2: Ball 1-2: Strikes out looking
|
| Top of the 7th over - 0 runs, 0 hits, 0 errors, 0 left on base; Greeneville 1 - Texas (APP) 5 |
| BOTTOM OF THE 7TH |
|
Texas (APP) Rangers batting - Pitching for Greeneville Astros : RHP Jon Davis
|
|
Batting: RHB Sal Cervantes
|
0-0: Ball 1-0: SINGLE (Flyball, 78S, EV 85.0 MPH)
|
|
Batting: LHB Tomoya Hashimoto
|
0-0: Foul Ball, location: 2F 0-1: Ball 1-1: DOUBLE (Line Drive, 8RXD, EV 100.6 MPH) Sal Cervantes to third
|
|
Batting: RHB Bryan Wheeler
|
0-0: Called Strike 0-1: Ground out 4-3 (Groundball, 4M, EV 84.4 MPH) Sal Cervantes scores Tomoya Hashimoto to third
|
|
Batting: RHB Ferdi Schipper
|
0-0: Ball 1-0: Ball 2-0: Foul Ball, location: 2F 2-1: Foul Ball, location: 2F 2-2: Strikes out swinging
|
|
Batting: RHB Kelly Cole
|
0-0: Called Strike 0-1: Foul Ball, location: 2F 0-2: Ball 1-2: SINGLE (Groundball, P, EV 85.0 MPH) (infield hit) Tomoya Hashimoto scores
|
|
Batting: SHB Albert Ortiz
|
0-0: Ball 1-0: Fly out, F3 (Line Drive, 34, EV 75.0 MPH)
|
| Bottom of the 7th over - 2 runs, 3 hits, 0 errors, 1 left on base; Greeneville 1 - Texas (APP) 7 |
| TOP OF THE 8TH |
|
Greeneville Astros batting - Pitching for Texas (APP) Rangers : LHP Pat Mena
|
|
Pitching: RHP Shawn Weber
|
|
|
Batting: RHB Gabe Allen
|
0-0: DOUBLE (Groundball, 5L, EV 101.9 MPH)
|
|
Batting: RHB Roger Pelley
|
0-0: Ball 1-0: Ball 2-0: Ground out 5-3 (Groundball, 56S, EV 82.5 MPH)
|
|
Batting: RHB Omar Amaya
|
0-0: Ground out 6-3 (Groundball, 6M, EV 101.9 MPH) Gabe Allen to third
|
|
Batting: SHB Miguel Sierra
|
0-0: Foul Ball, location: 2F 0-1: SINGLE (Flyball, 78S, EV 100.0 MPH) Gabe Allen scores
|
|
Batting: LHB Mark Dearth
|
0-0: Ball 1-0: Ball 2-0: 2-RUN HOME RUN (Flyball, 9D, EV 98.8 MPH), Distance : 374 ft
|
|
Pitching: LHP Alex Boites
|
|
|
Batting: RHB Keith Goodwin
|
0-0: Called Strike 0-1: Ball 1-1: Foul Ball, location: 2F 1-2: Strikes out looking
|
| Top of the 8th over - 3 runs, 3 hits, 0 errors, 0 left on base; Greeneville 4 - Texas (APP) 7 |
| BOTTOM OF THE 8TH |
|
Texas (APP) Rangers batting - Pitching for Greeneville Astros : RHP Jon Davis
|
|
Batting: RHB Rafael Tapia
|
0-0: Ball 1-0: Ball 2-0: Foul Ball, location: 2F 2-1: Swinging Strike 2-2: Strikes out swinging
|
|
Batting: LHB Jose Cepero
|
0-0: Ball 1-0: Ground out 4-3 (Groundball, 4S, EV 63.1 MPH)
|
|
Batting: RHB Luis Solorzano
|
0-0: Foul Ball, location: 2F 0-1: Ball 1-1: Swinging Strike 1-2: Strikes out swinging
|
| Bottom of the 8th over - 0 runs, 0 hits, 0 errors, 0 left on base; Greeneville 4 - Texas (APP) 7 |
| TOP OF THE 9TH |
|
Greeneville Astros batting - Pitching for Texas (APP) Rangers : LHP Alex Boites
|
|
Pitching: RHP Brad Sanchez
|
|
|
Batting: LHB Daigo Ishii
|
0-0: Ball 1-0: Ball 2-0: Called Strike 2-1: Swinging Strike 2-2: Foul Ball, location: 2F 2-2: Strikes out looking
|
|
Batting: RHB Erik Smith
|
0-0: Ball 1-0: Called Strike 1-1: Fly out, F8 (Flyball, 8RS, EV 83.1 MPH)
|
|
Batting: RHB Yoshitoshi Mori
|
0-0: Foul Ball, location: 2F 0-1: Ball 1-1: Foul Ball, location: 2F 1-2: Strikes out swinging
|
| Top of the 9th over - 0 runs, 0 hits, 0 errors, 0 left on base; Greeneville 4 - Texas (APP) 7 |
|